Match 32910392
Unlisted

Match 32910392
End
Kettenkrad Recon Vehicle
Construct Infanterie Kompanie
MG 42 Machine Gun Team
Grenadier Squad
Grenadier Squad
Selects Breakthrough Battlegroup
Selects Assault Grenadiers
Grenadier Squad
GrW 34 Mortar Team
Construct Luftwaffe Kompanie
Medical Station
Selects Smoke Bombing Run
Selects 2.5-tonne Cargo Truck
Support Elements
2.5-tonne Cargo Truck
Smoke Bombing Run
Jäger Squad
Wirbelwind Flakpanzer
Smoke Bombing Run
Jäger Squad
Zar
Arthur Morgan
Böses im Busch
만세
Dahlian
Tango
Turtleboy
GoonLord
0
0

Comments sign in to comment!

No comments posted yet!